Map: Acropolis LE

Players

Serral - Winner!

  • Race: Zerg Zerg
  • League: Grandmaster
  • Spawn Location: 11:00

LiquidTLO (TLO)

  • Race: Zerg Zerg
  • League: Grandmaster
  • Spawn Location: 5:00

Event: HomeStory Cup XIX

VOD

Have the link to the VOD?

Description

Time

  • Played on: June 27, 2019, 2:48 p.m.
  • Length: 18:28

All games in this series

Show
View Real Time Build Order
Export as new Build Order

Serral Zerg - Winner!

Build Orders: Hatch First, Lurkers 

Get SALT Encoding   

  12  0:00  Drone  
  13  0:12  Overlord  
  13  0:16  Drone  
  14  0:30  Drone  
  14  0:31  Drone  
  16  0:48  Hatchery  
  15  0:51  Drone  
  15  0:54  Drone  
  17  0:58  Drone  
  18  1:08  Extractor  
  17  1:14  Spawning Pool  
  17  1:17  Drone  
  17  1:20  Drone  
  18  1:27  Drone  
  19  1:38  Drone  
  20  1:54  Overlord  
  20  2:00  Queen x2  
  20  2:01  Zergling x4  
  26  2:08  Metabolic Boost  
  26  2:10  Drone  
  26  2:11  Drone  
  28  2:22  Drone x2  
  30  2:34  Hatchery  
  29  2:37  Drone  
  29  2:39  Drone  
  31  2:46  Baneling Nest  
  31  2:47  Drone  
  31  2:54  Overlord  
  31  2:55  Drone  
  31  2:57  Drone  
  33  3:04  Drone x2  
  35  3:07  Drone  
  37  3:12  Zergling x2  
  37  3:13  Zergling x6  
  37  3:14  Zergling x2  
  37  3:18  Zergling x2  
  42  3:22  Overlord  
  42  3:31  Baneling x2  
  42  3:32  Queen  
  44  3:40  Evolution Chamber  
  44  3:41  Drone x5  
  48  3:44  Overlord  
  49  3:48  Zergling x2  
  49  3:52  Drone  
  49  3:53  Drone  
  49  3:54  Drone  
  52  3:56  Drone  
  52  3:58  Drone  
  54  4:03  Drone x2  
  54  4:05  Zerg Missile Weapons Level 1  
  56  4:11  Drone  
  56  4:12  Drone x3  
  56  4:15  Overlord  
  60  4:22  Lair  
  60  4:24  Drone x3  
  60  4:25  Extractor  
  60  4:26  Extractor  
  60  4:31  Drone  
  62  4:34  Drone x2, Roach Warren  
  62  4:35  Drone  
  62  4:36  Drone  
  65  4:42  Overlord  
  65  4:45  Drone x3  
  66  4:46  Drone x2  
  66  4:49  Baneling x2  
  66  4:50  Drone x2  
  66  4:52  Drone x2  
  72  4:57  Drone x2  
  74  5:01  Extractor  
  74  5:02  Extractor  
  74  5:03  Pneumatized Carapace, Extractor  
  74  5:06  Zergling x4  
  72  5:07  Drone x2  
  72  5:10  Drone  
  72  5:13  Drone  
  76  5:15  Drone  
  76  5:18  Drone x3  
  76  5:19  Drone  
  76  5:20  Overlord  
  81  5:22  Overseer  
  81  5:23  Glial Reconstitution, Overlord  
  81  5:26  Overlord  
  81  5:29  Overlord x2  
  81  5:32  Overlord  
  81  5:38  Overlord  
  81  5:44  Drone x2, Roach x3  
  81  5:47  Roach x3  
  95  5:55  Evolution Chamber  
  94  5:59  Zerg Missile Weapons Level 2  
  94  6:04  Queen x3  
  94  6:08  Drone x2  
  94  6:10  Roach x4  
  110  6:15  Baneling x2  
  110  6:18  Overlord  
  110  6:19  Drone x6  
  110  6:22  Zerg Ground Armor Level 1  
  116  6:26  Spore Crawler x2  
  116  6:29  Spore Crawler  
  116  6:30  Spore Crawler  
  116  6:32  Spore Crawler  
  111  6:36  Infestation Pit  
  111  6:38  Nydus Network  
  111  6:39  Drone x2  
  111  6:46  Tunneling Claws, Burrow  
  111  6:50  Drone x2  
  111  6:53  Spore Crawler  
  111  6:54  Queen x2  
  112  6:58  Overlord x2  
  112  6:59  Overseer  
  116  7:01  Roach x2  
  116  7:04  Roach  
  116  7:05  Roach  
  124  7:08  Roach x2  
  124  7:13  Roach  
  124  7:14  Roach x2  
  129  7:17  Spore Crawler  
  129  7:18  Nydus Canal  
  129  7:22  Overlord x2  
  128  7:25  Roach  
  128  7:26  Roach x5  
  140  7:35  Overseer  
  139  7:40  Hive  
  139  7:43  Roach x5  
  149  7:44  Hydralisk Den  
  149  7:47  Overlord x2  
  148  7:55  Overlord  
  148  8:08  Drone x3  
  148  8:10  Queen  
  153  8:13  Queen  
  153  8:16  Zerg Ground Armor Level 2, Hatchery  
  153  8:19  Spore Crawler  
  153  8:21  Nydus Canal  
  153  8:24  Roach x3  
  153  8:25  Spore Crawler  
  152  8:27  Roach x2  
  152  8:28  Roach x2  
  152  8:29  Roach  
  152  8:30  Roach  
  152  8:31  Roach  
  152  8:32  Muscular Augments, Roach  
  152  8:33  Lurker Den, Overlord x2, Spore Crawler  
  158  8:35  Roach x3  
  158  8:37  Roach x3  
  158  8:39  Roach  
  158  8:40  Roach  
  158  8:41  Roach, Overlord  
  159  8:45  Roach  
  161  8:49  Hatchery  
  161  8:50  Queen, Nydus Canal, Ravager  
  161  8:51  Overlord  
  161  8:54  Roach x2  
  166  8:57  Roach x2  
  166  9:01  Roach  
  166  9:02  Drone x3  
  167  9:03  Drone x3  
  167  9:06  Drone  
  167  9:07  Drone x4  
  167  9:08  Roach  
  169  9:10  Infestor x2  
  169  9:11  Infestor, Nydus Canal  
  167  9:17  Extractor  
  167  9:20  Drone x2, Extractor, Roach x3  
  167  9:24  Zerg Missile Weapons Level 3  
  163  9:35  Spine Crawler  
  163  9:36  Spine Crawler  
  161  9:41  Spore Crawler  
  161  9:45  Infestor x3  
  160  9:47  Hydralisk x3, Swarm Host  
  160  9:48  Hydralisk  
  171  9:58  Roach x2  
  171  9:59  Roach  
  171  10:02  Drone x2, Spine Crawler  
  171  10:03  Spine Crawler  
  171  10:04  Drone x3, Spine Crawler  
  171  10:06  Nydus Canal  
  173  10:08  Spine Crawler  
  173  10:09  Hydralisk  
  173  10:10  Hydralisk x2  
  178  10:15  Lurker x3  
  178  10:16  Roach  
  181  10:21  Roach  
  181  10:22  Roach x4  
  181  10:26  Drone  
  181  10:27  Drone x2  
  175  10:29  Drone  
  175  10:30  Drone x2  
  175  10:35  Hydralisk  
  178  10:38  Lurker x2  
  180  10:57  Drone x3  
  180  10:58  Hydralisk x4  
  180  11:00  Spine Crawler  
  180  11:02  Overlord x2  
  180  11:03  Adaptive Talons  
  190  11:05  Spore Crawler x2  
  190  11:09  Nydus Canal  
  188  11:15  Lurker  
  188  11:16  Lurker x2  
  191  11:24  Lurker  
  191  11:25  Grooved Spines  
  192  11:27  Lurker  
  192  11:28  Hydralisk x2  
  192  11:31  Roach x3  
  194  11:32  Nydus Canal  
  194  11:34  Hydralisk  
  186  11:52  Hydralisk x4  
  186  11:54  Roach x5  
  176  12:04  Hydralisk x2  
  176  12:05  Roach  
  176  12:06  Lurker x2  
  176  12:07  Lurker  
  173  12:09  Roach x2  
  177  12:19  Lurker x2  
  177  12:20  Roach  
  177  12:21  Roach  
  183  12:24  Roach x2  
  183  12:26  Nydus Canal  
  183  12:28  Roach x2  
  183  12:29  Roach  
  193  12:47  Drone x9  
  188  12:52  Roach x5  
  192  13:02  Drone x2  
  192  13:03  Drone  
  195  13:07  Lurker x2  
  195  13:08  Nydus Canal, Roach  
  199  13:25  Hatchery  
  198  13:48  Zerg Ground Armor Level 3  
  198  13:52  Hatchery  
  197  13:58  Roach  
  197  13:59  Roach x2  
  195  14:04  Roach x2  
  151  14:24  Hydralisk  
  151  14:25  Hydralisk x12  
  151  14:26  Hydralisk x3  
  151  14:27  Hydralisk x3  
  177  14:32  Hydralisk x2  
  177  14:34  Hydralisk x2  
  181  14:46  Roach x12  
  181  14:51  Hydralisk x7  
  193  14:54  Extractor  
  193  14:55  Extractor  
  184  15:15  Roach  
  184  15:25  Roach x7  
  184  15:26  Roach  
  184  15:27  Roach x4  
  184  15:28  Roach x3  
  185  15:35  Queen x4  
  168  15:37  Hydralisk x5  
  168  15:42  Lurker x11  
  191  15:44  Roach x8  
  191  15:51  Drone x3  
  191  15:54  Roach x2  
  179  16:01  Overlord  
  175  16:15  Lurker x6  
  175  16:27  Hydralisk x4  
  175  16:28  Hydralisk  
  185  16:33  Hatchery  
  185  16:34  Roach x4  
  185  16:35  Overlord  
  185  16:37  Overlord  
  185  16:39  Hatchery  
  183  16:49  Hydralisk x2, Swarm Host  
  188  17:12  Hydralisk x5  
  175  17:23  Hydralisk x3  
  175  17:25  Hatchery  
  174  17:33  Drone  
  174  17:34  Drone x2  
  174  17:35  Drone  
  174  17:36  Drone  
  174  17:37  Drone x3  
  180  17:39  Drone  
  180  17:40  Drone  
  184  17:47  Drone x3  
  183  18:27  Lurker  
Show
View Real Time Build Order
Export as new Build Order

LiquidTLO Zerg 

Build Orders: 3 Hatch before Pool, Muta Ling Bane 

Get SALT Encoding   

  12  0:00  Drone  
  13  0:12  Overlord  
  13  0:17  Drone  
  14  0:30  Drone  
  14  0:31  Drone  
  14  0:34  Drone  
  17  0:50  Hatchery  
  17  0:54  Drone  
  17  0:57  Drone  
  18  1:16  Hatchery  
  17  1:20  Drone  
  17  1:24  Drone  
  19  1:27  Extractor  
  18  1:37  Spawning Pool  
  17  1:40  Drone  
  17  1:44  Drone  
  19  1:50  Drone  
  20  2:04  Drone x2  
  22  2:10  Drone  
  22  2:13  Drone  
  24  2:25  Queen  
  24  2:26  Queen  
  24  2:28  Queen  
  30  2:30  Zergling x2  
  30  2:33  Zergling x2  
  30  2:36  Zergling x2  
  33  2:40  Overlord  
  33  2:47  Baneling Nest  
  33  2:48  Drone  
  33  2:53  Drone  
  33  2:56  Overlord  
  34  3:00  Drone  
  34  3:01  Drone  
  34  3:03  Drone  
  37  3:06  Drone  
  37  3:08  Drone  
  37  3:11  Drone  
  40  3:13  Drone  
  40  3:17  Drone  
  40  3:19  Zergling x2  
  43  3:20  Drone  
  43  3:22  Zergling x2  
  45  3:27  Spine Crawler  
  45  3:28  Drone  
  45  3:30  Baneling x2  
  45  3:31  Baneling  
  45  3:32  Drone  
  45  3:35  Drone  
  45  3:36  Zergling x2  
  45  3:37  Baneling  
  45  3:40  Baneling x2  
  47  3:41  Drone  
  47  3:43  Drone  
  47  3:47  Overlord  
  49  3:49  Drone  
  49  3:53  Overlord  
  50  3:57  Extractor  
  50  3:58  Lair  
  50  4:02  Drone  
  50  4:05  Drone  
  50  4:06  Drone x2  
  50  4:07  Extractor  
  52  4:10  Drone, Extractor  
  52  4:12  Drone  
  52  4:13  Drone  
  52  4:15  Drone  
  55  4:17  Drone  
  55  4:19  Drone  
  55  4:22  Drone x2  
  59  4:24  Metabolic Boost  
  59  4:27  Drone  
  59  4:28  Drone  
  59  4:30  Drone x2  
  63  4:32  Drone  
  63  4:33  Drone  
  63  4:35  Drone  
  66  4:46  Overlord x2  
  66  4:50  Extractor  
  66  4:51  Extractor  
  66  4:52  Drone, Evolution Chamber  
  65  4:54  Drone x2, Roach Warren  
  65  5:02  Drone, Spire  
  65  5:03  Drone  
  65  5:05  Drone  
  65  5:06  Drone  
  68  5:09  Drone x2  
  68  5:10  Drone  
  68  5:11  Drone  
  71  5:15  Drone  
  71  5:16  Zergling x4  
  74  5:26  Overlord  
  74  5:29  Overlord x2  
  74  5:39  Overlord  
  74  5:44  Overlord  
  74  5:48  Drone  
  74  5:49  Drone  
  76  5:59  Zerg Melee Weapons Level 1  
  76  6:09  Overlord  
  76  6:13  Mutalisk x9  
  76  6:15  Centrifical Hooks  
  94  6:18  Zerg Flyer Weapons Level 1  
  94  6:19  Drone, Hatchery  
  94  6:23  Drone x8  
  102  6:30  Infestation Pit  
  102  6:32  Mutalisk  
  101  6:34  Extractor  
  101  6:35  Extractor  
  101  6:37  Mutalisk  
  101  6:39  Queen x2  
  107  6:40  Overlord  
  107  6:48  Roach  
  107  6:49  Zergling x2  
  107  6:52  Mutalisk x2  
  114  6:58  Mutalisk  
  115  7:01  Zergling x4  
  115  7:03  Mutalisk  
  119  7:09  Mutalisk  
  119  7:11  Overlord  
  119  7:12  Zergling x6  
  119  7:14  Drone x2  
  119  7:15  Drone  
  126  7:20  Zergling x6, Hive  
  126  7:21  Zergling x2  
  129  7:25  Zergling x2  
  129  7:26  Zergling x2  
  129  7:27  Evolution Chamber  
  130  7:30  Zergling x2  
  130  7:32  Zergling x2  
  130  7:34  Zergling x2  
  130  7:35  Zergling x2  
  134  7:41  Zergling x2  
  134  7:44  Zergling x4  
  136  7:47  Baneling  
  136  7:48  Baneling x8  
  137  7:52  Zergling x2  
  137  7:56  Zergling x2  
  137  7:57  Zergling x4, Spine Crawler  
  140  7:59  Zergling x2, Spine Crawler  
  140  8:00  Drone x2, Spine Crawler x2  
  140  8:01  Spine Crawler  
  140  8:02  Baneling, Spine Crawler  
  140  8:03  Baneling  
  138  8:05  Drone  
  138  8:07  Drone  
  138  8:10  Overlord  
  140  8:13  Overlord  
  140  8:19  Overlord  
  140  8:27  Zergling x2, Overlord  
  141  8:38  Zergling x2  
  129  8:43  Mutalisk x5, Overseer x2, Ultralisk Cavern  
  129  8:44  Zergling x2  
  129  8:45  Zergling x20  
  129  8:47  Zergling x2  
  129  8:48  Zergling x4  
  146  8:50  Overseer  
  146  8:51  Overseer, Pneumatized Carapace  
  144  8:59  Drone  
  144  9:00  Drone x3  
  144  9:01  Drone  
  144  9:07  Drone  
  144  9:08  Drone  
  139  9:10  Spore Crawler  
  136  9:21  Baneling x2  
  136  9:22  Baneling x7  
  135  9:24  Overlord  
  135  9:28  Drone x2  
  135  9:30  Chitinous Plating  
  137  9:32  Zerg Melee Weapons Level 2  
  137  9:33  Ultralisk  
  137  9:36  Ultralisk  
  149  9:38  Overseer  
  149  9:43  Drone  
  150  9:49  Ultralisk  
  154  10:00  Zergling x2  
  154  10:03  Baneling  
  154  10:04  Baneling x7  
  154  10:06  Zergling x2  
  156  10:09  Zergling x2, Hatchery  
  156  10:12  Zergling x2  
  156  10:13  Zergling x2  
  156  10:14  Zergling x2  
  159  10:16  Zergling x2  
  159  10:18  Ultralisk  
  158  10:31  Ultralisk  
  158  10:35  Zerg Ground Armor Level 1  
  164  10:37  Drone  
  164  10:39  Drone  
  164  10:40  Drone x10  
  175  10:43  Drone  
  175  10:46  Overlord, Spore Crawler  
  175  10:48  Overlord  
  175  10:49  Extractor  
  172  10:53  Extractor  
  171  11:01  Drone  
  172  11:07  Ultralisk  
  172  11:08  Spore Crawler x2  
  172  11:11  Ultralisk  
  182  11:13  Anabolic Synthesis  
  182  11:15  Zergling x2  
  182  11:16  Zergling x2  
  183  11:27  Overseer  
  183  11:32  Viper  
  183  11:34  Zergling x4  
  183  11:35  Zergling x4  
  183  11:39  Zergling x4  
  192  11:41  Drone x2  
  192  11:44  Zergling x2, Ultralisk  
  192  11:46  Zergling x2  
  198  11:47  Zergling x2  
  198  11:48  Zergling x2  
  198  11:49  Zergling x4  
  198  11:50  Drone  
  198  11:51  Zergling x2  
  198  11:52  Drone  
  198  11:53  Ultralisk  
  198  11:54  Zergling x2  
  200  11:55  Zergling x2  
  200  11:59  Drone x2  
  200  12:00  Zergling x2  
  198  12:02  Zergling x4  
  200  12:16  Hatchery  
  199  12:24  Adrenal Glands  
  199  12:28  Spine Crawler  
  198  12:31  Overlord  
  198  12:41  Zergling x2  
  198  12:42  Zergling x2  
  200  12:49  Zergling x2  
  197  12:54  Ultralisk  
  195  13:06  Viper  
  195  13:11  Zerg Flyer Weapons Level 2  
  198  13:17  Overlord  
  198  13:22  Zergling x2  
  198  13:23  Zergling x2  
  198  13:24  Overseer x4  
  198  13:26  Baneling x2  
  198  13:27  Baneling x14  
  200  13:37  Baneling  
  200  13:38  Baneling x7  
  197  13:43  Zergling x4  
  197  13:45  Zergling x4  
  199  14:04  Zergling x2  
  199  14:05  Zergling x2  
  199  14:08  Zergling x2  
  199  14:09  Roach  
  199  14:13  Roach x2  
  199  14:14  Roach  
  199  14:15  Roach  
  199  14:16  Roach x2  
  189  14:17  Roach  
  189  14:18  Roach  
  189  14:19  Roach x3  
  189  14:20  Zergling x2, Ultralisk x2  
  189  14:21  Zergling x6  
  189  14:22  Zergling x2, Ultralisk  
  189  14:23  Zergling x4  
  181  14:29  Ultralisk  
  181  14:30  Ultralisk  
  174  14:31  Ultralisk  
  174  14:34  Zergling x2  
  174  14:37  Zergling x2  
  174  14:38  Zergling x2  
  162  14:39  Zergling x2  
  162  14:43  Ultralisk  
  162  14:44  Drone x2  
  162  14:45  Drone  
  170  14:48  Ravager x3  
  170  14:51  Drone x2  
  175  14:52  Zergling x2  
  175  14:53  Zergling x2  
  175  14:57  Ultralisk  
  182  15:03  Zergling x4  
  182  15:04  Roach  
  182  15:05  Ravager x2  
  187  15:13  Zergling x14  
  187  15:18  Zergling x2  
  184  15:22  Roach x2  
  184  15:25  Zergling x6  
  184  15:26  Zergling x2  
  159  15:29  Zerg Ground Armor Level 2  
  159  15:31  Zergling x4  
  159  15:34  Zergling x2  
  159  15:35  Queen x2  
  163  15:36  Ultralisk  
  168  15:44  Viper x2, Drone x2  
  168  15:49  Ultralisk  
  175  15:58  Overlord  
  175  16:00  Zergling x2  
  175  16:03  Zergling x4  
  175  16:05  Drone x2  
  177  16:13  Zergling x2  
  177  16:17  Hatchery  
  177  16:24  Drone  
  178  16:26  Ultralisk  
  178  16:27  Overlord  
  178  16:28  Zergling x2, Ultralisk x2  
  197  16:42  Zergling x2  
  197  16:43  Zergling x2  
  197  16:46  Zergling x2  
  200  16:49  Overseer  
  200  17:02  Ultralisk  
  200  17:04  Ultralisk  
  200  17:07  Zergling x2  
  200  17:08  Zergling x4  
  186  17:09  Zergling x2  
  186  17:11  Ultralisk x2  
  182  17:18  Zergling x2  
  182  17:19  Zergling x2  
  182  17:20  Zergling x6  
  182  17:21  Roach  
  174  17:23  Roach  
  174  17:27  Zergling x4  
  153  17:30  Baneling  
  153  17:31  Baneling x4  
  153  17:33  Zergling x2  
  153  17:34  Zergling x2  
  153  17:36  Zergling x2  
  139  17:39  Zergling x2  
  135  17:49  Zergling x2  
  135  17:50  Zergling x6  
  136  17:52  Zergling x2  
  123  18:05  Zergling x4  
Tags
 
Add a new tag
Caveats
  • Supply blocks, unpowered buildings, or Contaminate may cause inaccurate times.
  • Supply counts are checked every 10 seconds.